 Dungeon Crawl Stone Soup version 0.27-a0-1595-g0b823d0a13 (webtiles) character file.

Game seed: 3719700367912818875

168 robertstho the Chiller (level 5, 0/25 HPs)
             Began as a Vine Stalker Ice Elementalist on July 20, 2021.
             Was an Initiate of Sif Muna.
             Killed by nerve-wracking pain
             ... invoked by Menkaure
              (5 damage)
             ... on level 4 of the Dungeon.
             The game lasted 00:07:10 (4124 turns).

robertstho the Chiller (VSIE)                       Turns: 4124, Time: 00:07:11

Health: 0/25       AC:  9    Str: 10    XL:     5   Next: 49%
Magic:  0/12       EV: 12    Int: 16    God:    Sif Muna [......]
Gold:   150        SH:  0    Dex: 15    Spells: 5/12 levels left

rFire    . . .     SeeInvis .   i - +2 falchion (vorpal)
rCold    . . .     Faith    .   (no shield)
rNeg     . . .     Spirit   +   a - +0 robe
rPois    .         Reflect  .   d - +0 helmet
rElec    .         Harm     .   (no cloak)
rCorr    .         Rampage  .   (no gloves)
Will     .....                  (no boots)
Stlth    ++........             (no amulet)
HPRegen  1.08/turn              (no ring)
MPRegen  0.13/turn              (no ring)

@: ice-armoured
A: fangs 2, regeneration 1, magic shield, antimagic bite, no potion heal 2
a: Renounce Religion


You were on level 4 of the Dungeon.
You worshipped Sif Muna.
Sif Muna was noncommittal.
You visited 2 branches of the dungeon, and saw 5 of its levels.

You collected 150 gold pieces.

Inventory:

Hand Weapons
 i - a +2 vorpal falchion (weapon)
Missiles
 f - 3 javelins (quivered)
Armour
 a - a +0 robe (worn)
 d - a +0 helmet (worn)
Wands
 o - a wand of digging (6)
Scrolls
 c - a scroll of immolation
 e - a scroll of teleportation
 g - a scroll of vulnerability
 m - a scroll of fog
Potions
 b - a potion of magic {unknown}
 h - a potion of curing {unknown}
 j - a potion of heal wounds {unknown}
 k - a potion of lignification {unknown}
 l - 2 potions of haste {unknown}
 n - a potion of invisibility {unknown}
 p - 2 potions of mutation {unknown}


   Skills:
 * Level 1.2 Fighting
 + Level 1.0 Long Blades
 + Level 1.8 Dodging
 + Level 2.9 Stealth
 + Level 0.6 Unarmed Combat
 * Level 4.0 Spellcasting
 + Level 4.6 Ice Magic


You had 5 spell levels left.
You knew the following spells:

 Your Spells              Type           Power      Damage    Failure   Level
a - Freeze                Ice            72%        1d9       2%          1
b - Frozen Ramparts       Ice            36%        1d5       8%          3
c - Ozocubu's Armour      Ice            18%        N/A       8%          3

Your spell library contained the following spells:

 Spells                   Type           Power      Damage    Failure   Level
 Hailstorm                Conj/Ice       10%        3d5       54%         4
 Ice Form                 Ice/Tmut       10%        N/A       54%         4
 Petrify                  Tmut/Erth      3%         N/A       86%         4


Dungeon Overview and Level Annotations

Branches:
Dungeon (4/15)             Temple (1/1) D:4

Altars:
Cheibriados
Hepliaklqana
Kikubaaqudgha
Nemelex Xobeh
Okawaru
Qazlal
Ru
Sif Muna
Trog
Vehumet
Wu Jian
Xom
Yredelemnul
Zin
The Shining One

Annotations:
D:4 Eustachio, Menkaure


Innate Abilities, Weirdness & Mutations

You have extremely sharp teeth.
Your natural rate of healing is unusually fast.
When hurt, damage is shared between your health and your magic reserves.
Your bite disrupts and absorbs the magic of your enemies.
Potions cannot restore your health.


Message History

Press: ? - help, Q - select action, (/) - cycle Shift-Dir - straight line, f - you
Okay, then.
Throw: 6 javelins
Press: ? - help, Q - select action, (/) - cycle Shift-Dir - straight line, f - Menkaure
Aim: Menkaure (fast, 73% to hit)
You throw a javelin. The javelin barely misses Menkaure.
Unknown command.
Throw: 5 javelins
Press: ? - help, Q - select action, (/) - cycle Shift-Dir - straight line, f/p - Menkaure
Aim: Menkaure (fast, 73% to hit)
You throw a javelin. The javelin pierces through Menkaure.
Menkaure is moderately damaged.
Menkaure points at you and mumbles some strange words.
Pain shoots through your body!
Throw: 4 javelins
Press: ? - help, Q - select action, (/) - cycle Shift-Dir - straight line, f/p - Menkaure
Aim: Menkaure (moderately damaged, fast, 73% to hit)
You throw a javelin. The javelin pierces through Menkaure.
Menkaure is moderately damaged.
Menkaure misses you.
Casting: Freeze (safe; 2% risk of failure)
Confirm with . or Enter, or press ? or * to list all spells.
The spell is quite dangerous to cast (8% risk of failure)!
Continue anyway?
A film of ice covers your body! Menkaure hits you!
* * * LOW HITPOINT WARNING * * *
Menkaure hits you.
* * * LOW HITPOINT WARNING * * *
Unknown command.
Okay, then.
You completely miss Menkaure.
Menkaure is moderately damaged.
Menkaure calls on the powers of darkness!
Your body is wracked with pain!
* * * LOW HITPOINT WARNING * * *
You hit Menkaure.
Menkaure is severely damaged.
Menkaure barely misses you. Menkaure casts a spell at you.
Pain shoots through your body!
You die...

.....##..# #.#.# #...##.##......
++####..<####.#.###.......#......
#......#....#.##..#..>...#.....
#....##.#.##.#....###........)..
.... #........#..###..####.....
#.. ###.........##..######.... ##
#........##..#...##.....
#.......#...............
#......@................
#.....M##...............
........###..............
##......# #.............. #......
#.............. .......
#.............. .....##
#.............. ...(.
########....... #....(..


You could see Menkaure (fast).

Vanquished Creatures
  Ijyb (D:4)
  5 adders
  4 worms
  5 dart slugs
  An orc (D:3)
  5 ball pythons
  5 endoplasms
  3 giant cockroaches
  10 hobgoblins
  7 jackals
  8 kobolds
  2 quokkas
  5 bats
  2 frilled lizards (D:2)
  3 goblins
  8 rats
74 creatures vanquished.

Notes
Turn   | Place    | Note
-------+----------+-------------------------------------------
     0 | D:1      | robertstho the Vine Stalker Ice Elementalist began the
                  | quest for the Orb.
     0 | D:1      | Reached XP level 1. HP: 9/9 MP: 4/4
    34 | D:1      | You fall into a shaft and drop 1 floor!
   221 | D:2      | Found a sacrificial altar of Ru.
   630 | D:2      | Reached XP level 2. HP: 13/13 MP: 4/6
  1366 | D:2      | Reached XP level 3. HP: 17/17 MP: 4/7
  1968 | D:1      | Learned a level 3 spell: Frozen Ramparts
  1972 | D:1      | Learned a level 3 spell: Ozocubu's Armour
  2396 | D:1      | Found a faded altar of an unknown god.
  2492 | D:1      | Gained mutation: Your natural rate of healing is unusually
                  | fast. [Vine Stalker growth]
  2492 | D:1      | Reached XP level 4. HP: 21/21 MP: 5/9
  2802 | D:1      | Reached skill level 1 in Fighting
  3105 | D:3      | Got the Handbook of Transformation
  3194 | D:3      | Reached XP level 5. HP: 25/25 MP: 11/11
  3749 | D:4      | Noticed Ijyb
  3757 | D:4      | Killed Ijyb
  3758 | D:4      | Reached skill level 1 in Long Blades
  3876 | D:4      | Found a staircase to the Ecumenical Temple.
  3911 | D:4      | Noticed Eustachio
  4027 | Temple   | Entered the Ecumenical Temple
  4076 | Temple   | Became a worshipper of Sif Muna the Loreminder
  4117 | D:4      | Noticed Menkaure
  4124 | D:4      | Killed from afar by Menkaure

Illustrated notes

Levels and vault maps discovered:
D:1:      dpeg_arrival_central, layout_loops_ring,
          shapermc_ecumenical_altar_pompeii
D:2:      layout_basic, basic_altar, feat_on_display
D:3:      layout_loops_cross
D:4:      layout_basic, minmay_temple_entry_wispy, kennysheep_big_empty_room,
          corexii_hall_statues_x, uniq_ijyb, uniq_menkaure, uniq_eustachio
Temple:   kilobyte_greek_temple

Skill      XL: |  1  2  3  4  5 |
---------------+----------------+-----
Spellcasting   | 3 4 |  4.0
Fighting       | 1 |  1.2
Long Blades    | 1 |  1.0
Dodging        | |  1.8
Stealth        | |  2.9
Unarmed Combat | |  0.6
Ice Magic      | |  4.6

Action                   |  1- 3 |  4- 6 || total
-------------------------+-------+-------++-------
Melee: Unarmed           |    45 |       ||    45
       Bite              |    13 |    18 ||    31
       Falchion          |     3 |    56 ||    59
Throw: Javelin           |       |     3 ||     3
 Cast: Freeze            |    31 |     7 ||    38
       Frozen Ramparts   |    11 |     5 ||    16
       Ozocubu's Armour  |       |     1 ||     1
  Use: Scroll            |       |     6 ||     6
 Stab: Sleeping          |     4 |     6 ||    10
Armor: Robe              |    18 |     8 ||    26
Dodge: Dodged            |    42 |    42 ||    84
       Rpst.: Falchion   |     1 |    10 ||    11

Table legend: (Time is in decaauts)
 A = Elapsed time spent in this place.
 B = Non-inter-level travel time spent in this place.
 C = Inter-level travel time spent in this place.
 D = Time resting spent in this place.
 E = Time spent auto-exploring this place.
 F = Levels seen in this place.
 G = Mean time per level.
                   A        B        C        D        E       F      G
               +--------+--------+--------+--------+--------+-----+--------+
         Total |   4142 |   3967 |    175 |     50 |   3283 |   5 |  828.4 |
       Dungeon |   4060 |   3918 |    142 |     50 |   3240 |   4 | 1015.0 |
        Temple |     81 |     49 |     32 |      0 |     43 |   1 |   81.0 |
               +--------+--------+--------+--------+--------+-----+--------+

Top non-repeatable levels by time:
     D:2: 1781 daAuts
     D:1: 1172 daAuts
     D:3: 786 daAuts
     D:4: 320 daAuts
  Temple: 81 daAuts
